AoeStats
← All Conquistadors Are BSTRD

Arabia

509583787Analyzed
2v2 RM · 6d ago on Sep 27, 2026· 25m 33s· 4 players
Game mode
Random Map
Map size
Medium (4 player)
Population
200
Speed
Normal
Resources
Standard
Victory
Conquest
Starting age
Dark Age
Ending age
Imperial Age
RankedLock teamsTeams togetherTeam positionsShared explorationLock speedFull tech treeHidden civsTurbo modeCheats
Victory
Defeat
🇮🇹 Saxons · Italy
1303
+16
1281
+16
🇩🇪 Varangians · Germany
1303
-16
🇩🇪 Tupi · Germany
1284
-16
All Conquistadors Are BSTRD
6:22 Loom
6:45 Loom
9:23 Feudal Age
9:32 Man-at-Arms
13:35 Wheelbarrow
12:47 Double-Bit Axe
16:20 Forging
20:06 Bloodlines
22:23 Castle Age
23:40 Bloodlines
23:31 Husbandry
23:56 Scale Barding Armor
Tattico87
6:32 Loom
9:48 Feudal Age
12:31 Double-Bit Axe
17:15 Fletching
19:08 Padded Archer Armor
22:29 Castle Age
20:57 Padded Archer Armor
21:50 Gold Mining
22:21 Horse Collar
22:35 Crossbowman
23:38 Bow Saw
23:31 Heavy Plow
23:32 Bodkin Arrow
24:32 Thumb Ring
25:48 Leather Archer Armor
Janzequietsch
6:44 Loom
9:20 Feudal Age
9:27 Champi Runner
10:10 Double-Bit Axe
10:07 Horse Collar
16:37 Scale Mail Armor
16:46 Arson
20:08 Wheelbarrow
20:26 Forging
24:03 Castle Age
22:38 Gold Mining
23:10 Stone Mining
24:03 Fletching
Die Katz
5:39 Loom
8:34 Feudal Age
9:34 Double-Bit Axe
10:13 Horse Collar
15:57 Bloodlines
21:15 Forging
22:33 Wheelbarrow
25:30 Castle Age
24:10 Scale Barding Armor
24:00 Gold Mining
Connection lost

Rejoining the realm…

Still unreachable

The connection could not be restored.

Session expired

The server has moved on; the page needs a fresh start.